 Dungeon Crawl Stone Soup version 0.23-a0-550-g7de1f8e (webtiles) character file.

65 Leeroy the Charmwright (level 4, 0/38 HPs)
             Began as a Gnoll Skald on Dec 9, 2018.
             Succumbed to an adder's poison
             ... on level 2 of the Dungeon.
             The game lasted 00:04:27 (1200 turns).

Leeroy the Charmwright (Gnoll Skald)                Turns: 1200, Time: 00:04:28

Health: 0/38       AC:  4    Str: 13 (14) XL:     4   Next: 13%
Magic:  5/11       EV: 14    Int: 14 (15) God:
Gold:   52         SH:  0    Dex: 13 (15) Spells: 2/13 levels left

rFire    . . .     SeeInvis .   a - +0 falchion
rCold    . . .     Gourm    .   (no shield)
rNeg     . . .     Faith    .   b - +0 leather armour
rPois    .         Spirit   .   (no helmet)
rElec    .         Reflect  .   u - +0 cloak
rCorr    .         Harm     .   (no gloves)
MR       .....                  (no boots)
Stlth    +.........             (no amulet)
HPRegen  0.12/turn              (no ring)
MPRegen  0.12/turn              (no ring)

@: lethally poisoned (0 -> -2)
A: distributed training, fangs 1, strong nose
a: no special abilities


You were on level 2 of the Dungeon.
You were not hungry.

You visited 1 branch of the dungeon, and saw 2 of its levels.

You collected 52 gold pieces.

Inventory:

Hand Weapons
 a - a +0 falchion (weapon)
 g - a +4 vampiric whip
 p - a +0 short sword
 s - a +0 club
 t - a +0 dagger
Missiles
 c - 23 sling bullets
 n - 43 stones (quivered)
 o - 19 arrows
Armour
 b - a +0 leather armour (worn)
 k - a +0 ring mail
 u - a +0 cloak (worn)
Jewellery
 j - an uncursed ring of poison resistance {unknown}
 r - an uncursed ring of ice {unknown}
Scrolls
 e - a scroll of enchant armour {unknown}
 l - 2 scrolls of identify {unknown}
 m - a scroll of fear {unknown}
 q - 2 scrolls of teleportation {unknown}
Potions
 i - a potion of mutation {unknown}
Comestibles
 d - 2 rations
 f - 5 chunks of flesh


   Skills:
 + Level 4.6 Fighting
 + Level 1.0 Short Blades
 + Level 4.6 Long Blades
 + Level 1.0 Axes
 + Level 1.0 Maces & Flails
 + Level 1.0 Polearms
 + Level 1.0 Staves
 + Level 1.0 Slings
 + Level 1.0 Bows
 + Level 1.0 Crossbows
 + Level 1.0 Throwing
 + Level 2.7 Armour
 + Level 4.6 Dodging
 + Level 1.0 Stealth
 + Level 1.0 Shields
 + Level 1.0 Unarmed Combat
 + Level 5.0 Spellcasting
 + Level 0.7 Conjurations
 + Level 0.7 Hexes
 + Level 5.4 Charms
 + Level 0.7 Summonings
 + Level 0.7 Necromancy
 + Level 0.7 Translocations
 + Level 0.7 Transmutations
 + Level 0.7 Fire Magic
 + Level 0.7 Ice Magic
 + Level 0.7 Air Magic
 + Level 0.7 Earth Magic
 + Level 0.7 Poison Magic
 + Level 1.1 Invocations
 + Level 1.0 Evocations


You had 2 spell levels left.
You knew the following spells:

 Your Spells              Type           Power        Failure   Level  Hunger
a - Infusion              Chrm           ###.         2%          1    None
b - Song of Slaying       Chrm           ###.....     3%          2    ##.....
c - Shroud of Golubria    Chrm/Tloc      ##........   10%         2    ##.....
d - Regeneration          Chrm/Necr      ##........   19%         3    ###....
e - Spectral Weapon       Hex/Chrm       ##......     19%         3    ###....

Your spell library contained the following spells:

 Spells                   Type           Power        Failure   Level  Hunger


Dungeon Overview and Level Annotations

Branches:
Dungeon (2/15)

Altars:


Innate Abilities, Weirdness & Mutations

Your experience applies equally to all skills.
You have very sharp teeth.
Your uncanny sense of smell can sniff out nearby items.


Message History

Unknown command.
* * * LOW HITPOINT WARNING * * *
You feel sick.
Your song has ended.
Things that are here:
a +0 club; 2 stones; a kobold corpse
* * * LOW HITPOINT WARNING * * *
You feel sick.
Things that are here:
a rat corpse; a frilled lizard corpse
* * * LOW HITPOINT WARNING * * *
You feel sick.
There isn't anything here!
You see here a scroll labeled EBBEIRCH HUYPH.
e - a scroll labeled EBBEIRCH HUYPH
* * * LOW HITPOINT WARNING * * *
You feel sick.
You see here a stone.
n - 43 stones (gained 1)
You die...

########### #........[#
#..@....).# ####
#.........# ### ....
#.........# ..#
.....#.........# ..#
...#(..).....# ..# #.
#.#..(†.....#
#.####.#####...(.......##.
................##).......
#......#######..##........


There were no monsters in sight!

Vanquished Creatures
  2 adders (D:2)
  An ooze (D:1)
  2 worms (D:2)
  2 leopard geckos (D:1)
  4 bats
  A giant cockroach (D:2)
  5 goblins
  2 hobgoblins
  6 kobolds
  A quokka (D:2)
  4 frilled lizards
  5 rats
35 creatures vanquished.

Vanquished Creatures (others)
  A spectral weapon (D:2)
1 creature vanquished.

Grand Total: 36 creatures vanquished

Notes
Turn   | Place    | Note
-------+----------+-------------------------------------------
     0 | D:1      | Leeroy the Gnoll Skald began the quest for the Orb.
     0 | D:1      | Reached XP level 1. HP: 20/20 MP: 6/6
   164 | D:1      | Reached XP level 2. HP: 23/26 MP: 7/7
   170 | D:1      | Learned a level 2 spell: Song of Slaying
   173 | D:1      | Learned a level 2 spell: Shroud of Golubria
   537 | D:1      | Reached XP level 3. HP: 31/31 MP: 9/9
   545 | D:1      | Learned a level 3 spell: Regeneration
   549 | D:1      | Learned a level 3 spell: Spectral Weapon
   876 | D:2      | Reached skill level 5 in Spellcasting
  1037 | D:2      | Reached skill level 1 in Invocations
  1176 | D:2      | HP: 1/31 [adder (1)]
  1180 | D:2      | Reached skill level 1 in Short Blades
  1180 | D:2      | Reached skill level 1 in Axes
  1180 | D:2      | Reached skill level 1 in Maces & Flails
  1180 | D:2      | Reached skill level 1 in Polearms
  1180 | D:2      | Reached skill level 1 in Staves
  1180 | D:2      | Reached skill level 1 in Slings
  1180 | D:2      | Reached skill level 1 in Bows
  1180 | D:2      | Reached skill level 1 in Crossbows
  1180 | D:2      | Reached skill level 1 in Throwing
  1180 | D:2      | Reached skill level 1 in Stealth
  1180 | D:2      | Reached skill level 1 in Shields
  1180 | D:2      | Reached skill level 1 in Unarmed Combat
  1180 | D:2      | Reached skill level 1 in Evocations
  1180 | D:2      | Reached XP level 4. HP: 23/38 MP: 3/11
  1197 | D:2      | HP: 1/38 [poisoned by an adder]
  1200 | D:2      | Succumbed to an adder's poison

Vault maps used:
D:1:      minmay_arrival_nine_rooms, minmay_crystal_water

Skill      XL: |  1  2  3 |
---------------+----------+-----
Spellcasting   | 5 |  5.0
Invocations    | 1 |  1.1
Short Blades   | 1 |  1.0
Axes           | 1 |  1.0
Maces & Flails | 1 |  1.0
Polearms       | 1 |  1.0
Staves         | 1 |  1.0
Slings         | 1 |  1.0
Bows           | 1 |  1.0
Crossbows      | 1 |  1.0
Throwing       | 1 |  1.0
Stealth        | 1 |  1.0
Shields        | 1 |  1.0
Unarmed Combat | 1 |  1.0
Evocations     | 1 |  1.0
Fighting       | |  4.6
Long Blades    | |  4.6
Armour         | |  2.7
Dodging        | |  4.6
Conjurations   | |  0.7
Hexes          | |  0.7
Charms         | |  5.4
Summonings     | |  0.7
Necromancy     | |  0.7
Translocations | |  0.7
Transmutations | |  0.7
Fire Magic     | |  0.7
Ice Magic      | |  0.7
Air Magic      | |  0.7
Earth Magic    | |  0.7
Poison Magic   | |  0.7

Action                   |  1- 3 |  4- 6 || total
-------------------------+-------+-------++-------
Melee: Falchion          |    86 |     3 ||    89
       Bite              |     7 |     2 ||     9
       Punch             |     1 |       ||     1
 Cast: Song of Slaying   |     1 |       ||     1
       Spectral Weapon   |     1 |       ||     1
  Use: Potion            |     2 |       ||     2
  Eat: Chunk             |     1 |       ||     1
Armor: Leather armour    |    28 |       ||    28
Dodge: Dodged            |    86 |     1 ||    87
       Rpst.: Falchion   |    27 |       ||    27

Table legend:
 A = Non-vault XP
 B = Vault XP
 C = Vault XP percentage of total XP
 D = Non-vault monster count
 E = Vault monster count
 F = Vault count percentage of total count
                 A         B        C        D         E       F
            +---------+---------+-------+---------+---------+-------
      Total |      93 |       0 |   0.0 |      35 |       0 |   0.0
            +---------+---------+-------+---------+---------+-------
        D:1 |      35 |       0 |   0.0 |      16 |       0 |   0.0
        D:2 |      58 |       0 |   0.0 |      19 |       0 |   0.0
            +---------+---------+-------+---------+---------+-------
